 Dungeon Crawl Stone Soup version 0.18.1-50-g88ac8fd (webtiles) character file.

86 nikopol the Firebug (level 4, -2/33 HPs)
             Began as a Demigod Fire Elementalist on Sept 16, 2016.
             Slain by a hobgoblin
             ... wielding a +0 whip
              (5 damage)
             ... on level 2 of the Dungeon.
             The game lasted 00:12:28 (2481 turns).

nikopol the Firebug (Demigod Fire Elementalist)     Turns: 2481, Time: 00:12:28

Health: -2/33      AC:  2    Str: 11    XL:     4   Next: 6%
Magic:  2/9        EV: 13    Int: 21    God:
Gold:   98         SH:  0    Dex: 16    Spells: 2 memorised, 4 levels left

rFire  . . .     SeeInvis .     h - +0 dagger
rCold  . . .     Gourm    .     a - +0 robe
rNeg   . . .     Faith    .     (no shield)
rPois  .         Spirit   .     (no helmet)
rElec  .         Dismiss  .     (no cloak)
rCorr  .         Reflect  .     (no gloves)
SustAt +         Harm     .     (no boots)
MR     .....                    (no amulet)
Stlth  ++........               (no ring)
                                (no ring)

@: not resistant to hostile enchantments, unstealthy
A: high mp 1, sustain attributes
a: no special abilities


You were on level 2 of the Dungeon.
You were not hungry.

You visited 1 branch of the dungeon, and saw 2 of its levels.

You collected 98 gold pieces.

Inventory:

Hand Weapons
 f - a +0 club
 h - a +0 dagger (weapon)
Armour
 a - a +0 robe (worn)
Scrolls
 e - 3 scrolls of identify {unknown}
 g - a scroll of remove curse {unknown}
 j - a scroll of blinking {unknown}
 k - a scroll of teleportation {unknown}
 l - a scroll of enchant armour {unknown}
Potions
 i - 2 potions of curing
 m - a potion of degeneration {unknown}
Books
 b - a book of Flames

   Spells                             Type                      Level
   a - Flame Tongue                   Conjuration/Fire             1
   b - Throw Flame                    Conjuration/Fire             2
   c - Conjure Flame                  Conjuration/Fire             3
   d - Inner Flame                    Hexes/Fire                   3
   e - Sticky Flame                   Conjuration/Fire             4
   f - Fireball                       Conjuration/Fire             5
Comestibles
 c - 2 bread rations
 d - 3 meat rations


   Skills:
 + Level 2.2 Dodging
 + Level 2.3 Stealth
 + Level 2.1 Spellcasting
 + Level 1.8 Conjurations
 + Level 3.4 Fire Magic


You had 4 spell levels left.
You knew the following spells:

 Your Spells              Type           Power        Failure   Level  Hunger
a - Flame Tongue          Conj/Fire      ##...        6%          1    #......
b - Throw Flame           Conj/Fire      ##....       10%         2    ##.....


Dungeon Overview and Level Annotations

Branches:
Dungeon (2/15)


Innate Abilities, Weirdness & Mutations

You have an increased reservoir of magic (+10% MP).
Your attributes are resistant to harm.


Message History

You hit the hobgoblin but do no damage. The hobgoblin hits you with a whip.
You hit the hobgoblin but do no damage. The hobgoblin hits you with a whip.
You barely miss the hobgoblin. The hobgoblin barely misses you.
You barely miss the hobgoblin. The hobgoblin misses you.
You hit the hobgoblin but do no damage. The hobgoblin misses you.
You closely miss the hobgoblin. The hobgoblin misses you.
You barely miss the hobgoblin. The hobgoblin hits you with a whip.
You hit the hobgoblin but do no damage. The hobgoblin hits you with a whip.
You closely miss the hobgoblin. The hobgoblin barely misses you.
You closely miss the hobgoblin. The hobgoblin hits you with a whip.
You closely miss the hobgoblin. The hobgoblin hits you with a whip!
You hit the hobgoblin but do no damage. The hobgoblin hits you with a whip!
* * * LOW HITPOINT WARNING * * *
You closely miss the hobgoblin. The hobgoblin hits you with a whip.
* * * LOW HITPOINT WARNING * * *
You hit the hobgoblin but do no damage. The hobgoblin misses you.
You hit the hobgoblin but do no damage. The hobgoblin completely misses you.
You hit the hobgoblin but do no damage. The hobgoblin misses you.
You hit the hobgoblin but do no damage. The hobgoblin hits you with a whip.
You die...

..#.# #.#
#.####### #.#
#.......# #.#
#######.# #.#
#.# #.# #.# #.#
#.## #.###
##..#######...#
#......g@(.##.#
#.#)######.##.#
#.#.# #.##.#
#.#.# #.##.#
#.#.# #.##.#
#.#.#### #.##.#
#.#....# #.##.#
#.####.# #.##.#
#.# #.# #.##.#


You could see a hobgoblin.

Vanquished Creatures
  Ijyb (D:2)
  3 adders (D:2)
  A worm (D:2)
  2 dart slugs
  2 bats (D:1)
  A hobgoblin (D:1)
  A giant newt (D:2)
  7 goblins
  6 kobolds
  4 rats (D:1)
28 creatures vanquished.

Notes
Turn   | Place    | Note
--------------------------------------------------------------
     0 | D:1      | nikopol the Demigod Fire Elementalist began the quest for the Orb.
     0 | D:1      | Reached XP level 1. HP: 14/14 MP: 5/5
   792 | D:1      | Reached skill level 1 in Conjurations
   860 | D:1      | Reached XP level 2. HP: 18/20 MP: 7/7
  1014 | D:1      | Reached skill level 3 in Fire Magic
  1042 | D:1      | Learned a level 2 spell: Throw Flame
  1490 | D:2      | Reached XP level 3. HP: 18/26 MP: 4/8
  1598 | D:2      | Noticed Ijyb
  1740 | D:2      | Killed Ijyb
  2157 | D:2      | Reached XP level 4. HP: 20/33 MP: 2/9
  2481 | D:2      | Slain by a hobgoblin

Skill      XL: |  1  2 |
---------------+-------+-----
Dodging        | 2 |  2.2
Conjurations   | 1 |  1.8
Stealth        | 2 |  2.3
Fire Magic     | 3 |  3.4
Spellcasting   | 2 |  2.1

Action                   |  1- 3 |  4- 6 || total
-------------------------+-------+-------++-------
Melee: Dagger            |    68 |    19 ||    87
       Club              |    21 |       ||    21
       Unarmed           |     6 |       ||     6
 Cast: Throw Flame       |    16 |     6 ||    22
       Flame Tongue      |    22 |     6 ||    28
 Stab: Sleeping          |     2 |       ||     2
  Eat: Chunk             |     4 |     2 ||     6
Armor: Robe              |    33 |     1 ||    34
Dodge: Dodged            |    95 |    11 ||   106
